 Dungeon Crawl Stone Soup version 0.26.1-11-gd32895ea62 (webtiles) character file.

Game seed: 16196758389796441841

77 Exodus22XD the Chopper (level 4, -7/41 HPs)
             Began as a Hill Orc Monk on Apr 27, 2021.
             Killed by nerve-wracking pain
             ... invoked by Jessica
              (8 damage)
             ... on level 2 of the Dungeon.
             The game lasted 00:01:13 (1255 turns).

Exodus22XD the Chopper (Hill Orc Monk)              Turns: 1255, Time: 00:01:14

Health: -7/41      AC:  2    Str: 14    XL:     4   Next: 33%
Magic:  4/4        EV: 10    Int: 10    God:
Gold:   86         SH:  7    Dex: 13    Spells: 3/3 levels left

rFire    . . .     SeeInvis .   a - +0 hand axe
rCold    . . .     Faith    .   j - +0 kite shield
rNeg     . . .     Spirit   .   b - +0 robe
rPois    .         Reflect  .   (no helmet)
rElec    .         Harm     .   (no cloak)
rCorr    .         Rampage  .   (no gloves)
Will     .....                  (no boots)
Stlth    ++........             (no amulet)
HPRegen  0.13/turn              (no ring)
MPRegen  0.09/turn              (no ring)

@: no status effects
A: no striking features
a: no special abilities


You were on level 2 of the Dungeon.
You visited 1 branch of the dungeon, and saw 2 of its levels.

You collected 86 gold pieces.

Inventory:

Hand Weapons
 a - a +0 hand axe (weapon)
Armour
 b - a +0 robe (worn)
 j - a +0 kite shield (worn)
Scrolls
 e - a scroll of remove curse {unknown}
 f - a scroll of fear
 g - a scroll of fog {unknown}
 i - a scroll of teleportation {unknown}
Potions
 c - 2 potions of heal wounds
 d - a potion of invisibility
 h - a potion of haste {unknown}


   Skills:
 + Level 4.4 Fighting
 + Level 5.3 Axes
 * Level 1.9 Armour
 - Level 2.4 Dodging
 - Level 1.5 Stealth


You had 3 spell levels left.
You didn't know any spells.
Your spell library was empty.

Dungeon Overview and Level Annotations

Branches:
Dungeon (2/15)

Altars:
Trog

Annotations:
D:2 Jessica


Message History

You barely miss Jessica.
Jessica is severely wounded.
Jessica gestures at you while chanting. Pain shoots through your body!
* * * LOW HITPOINT WARNING * * *
Jessica mumbles some strange words.
Jessica blinks!
Jessica hits you.
* * * LOW HITPOINT WARNING * * *
Jessica points at you and mumbles some strange words.
Pain shoots through your body!
* * * LOW HITPOINT WARNING * * *
You hit Jessica but do no damage.
Jessica is severely wounded.
Jessica closely misses you. x2
You hit Jessica but do no damage.
Jessica is severely wounded.
Jessica casts a spell at you. Pain shoots through your body!
You die...

....[.>......#.#...#
#######†######.#.###
#...<.........#.# #
#>##.#.########.# #
#.##.#(...#...#.# #
#.##.####.#.#.#.# #
#.......#.#.#.#.# #
#.@#......#.#.#.# #
#.@####.###.#.#.###
#..# #.#...#......
#..# #.#.#.#.#.###
.........#
#.#.#####.#
#######.##
#.#.......# #.#
#.######### #.# #.
#.. #.#


You could see Jessica (fast).

Vanquished Creatures
  Natasha (D:2)
  An adder (D:2)
  An adder skeleton (D:2)
  A worm (D:2)
  A dart slug (D:1)
  A leopard gecko (D:1)
  A ball python (D:1)
  3 bats (D:1)
  2 giant cockroaches (D:1)
  6 goblins
  4 hobgoblins (D:1)
  3 frilled lizards (D:1)
  3 kobolds
  5 rats (D:1)
33 creatures vanquished.

Notes
Turn   | Place    | Note
-------+----------+-------------------------------------------
     0 | D:1      | Exodus22XD the Hill Orc Monk began the quest for the Orb.
     0 | D:1      | Reached XP level 1. HP: 19/19 MP: 1/1
    41 | D:1      | Reached XP level 2. HP: 25/27 MP: 2/2
   132 | D:1      | Reached skill level 1 in Armour
   501 | D:1      | Reached XP level 3. HP: 25/33 MP: 3/3
   870 | D:2      | Noticed Natasha
   879 | D:2      | Killed Natasha
   880 | D:2      | Reached skill level 5 in Axes
   880 | D:2      | Reached XP level 4. HP: 36/41 MP: 4/4
   986 | D:2      | Found a bloodstained altar of Trog.
  1234 | D:2      | Noticed Jessica
  1253 | D:2      | HP: 1/41 [Jessica/nerve-wracking pain (4)]
  1255 | D:2      | Killed from afar by Jessica

Illustrated notes

Levels and vault maps discovered:
D:1:      mrwooster_arrival_statue, layout_basic
D:2:      layout_basic, overflow_temple_1_default, lemuel_altar_in_water,
          uniq_jessica, uniq_natasha

Skill      XL: |  1  2  3 |
---------------+----------+-----
Fighting       | 4 |  4.4
Armour         | 1 |  1.9
Axes           | 5 |  5.3
Dodging        | |  2.4
Stealth        | |  1.5

Action                   |  1- 3 |  4- 6 || total
-------------------------+-------+-------++-------
Melee: Hand axe          |    84 |    34 ||   118
  Use: Scroll            |     3 |       ||     3
 Stab: Sleeping          |     5 |     1 ||     6
Armor: Robe              |    19 |     1 ||    20
Dodge: Dodged            |    58 |    19 ||    77
Block: Kite shield       |       |     6 ||     6
